TOP OF THE 1ST |
Montgomery Grey Sox batting - Pitching for El Paso Texans : RHP George Floyd
|
Pitching: RHP George Floyd
|
|
Batting: RHB Frederick Curtis
|
0-0: Called Strike 0-1: Ball 1-1: Ball 2-1: Foul Ball, location: 2F 2-2: Strikes out swinging
|
Batting: LHB Bob Jones
|
0-0: Ball 1-0: Reached on error, E1 (Groundball, P)
|
Batting: RHB Dean Bailey
|
0-0: Swinging Strike 0-1: Ball 1-1: Foul Ball, location: 2F 1-2: Ball 2-2: Ball 3-2: Base on Balls Bob Jones to second
|
Batting: SHB Joe Pierce
|
0-0: Called Strike 0-1: Foul Ball, location: 2F 0-2: Ball 1-2: Strikes out swinging
|
Batting: SHB Hoyt Norris
|
0-0: Ball 1-0: Ball 2-0: Ball 3-0: Called Strike 3-1: Fly out, F2 (Popup, 3S)
|
Top of the 1st over - 0 run(s), 0 hit(s), 1 error(s), 2 left on base; Montgomery 0 - El Paso 0 |
BOTTOM OF THE 1ST |
El Paso Texans batting - Pitching for Montgomery Grey Sox : LHP Lee González
|
Pitching: LHP Lee González
|
|
Batting: SHB Rick Hinton
|
0-0: Called Strike 0-1: Ball 1-1: SOLO HOME RUN (Flyball, 7LD), Distance : 372 ft
|
Batting: RHB Wayne Carter
|
0-0: Foul Ball, location: 2F 0-1: Swinging Strike 0-2: Ball 1-2: Ball 2-2: Foul Ball, location: 2F 2-2: Strikes out swinging
|
Batting: LHB Michael Melton
|
0-0: Fly out, F7 (Flyball, 7)
|
Batting: LHB Bernardo Morales
|
0-0: Ball 1-0: Ball 2-0: Foul Ball, location: 2F 2-1: Fly out, F6 (Popup, 6D)
|
Bottom of the 1st over - 1 run(s), 1 hit(s), 0 error(s), 0 left on base; Montgomery 0 - El Paso 1 |
TOP OF THE 2ND |
Montgomery Grey Sox batting - Pitching for El Paso Texans : RHP George Floyd
|
Batting: RHB Sergio Gonzáles
|
0-0: Called Strike 0-1: Foul Ball, location: 2F 0-2: Ball 1-2: Foul Ball, location: 2F 1-2: Ball 2-2: Ball 3-2: Base on Balls
|
Batting: RHB Ben White
|
0-0: Ball 1-0: Fly out, F8 (Flyball, 8RD)
|
Batting: RHB António Nevárez
|
0-0: Ball 1-0: Called Strike 1-1: Ball 2-1: Swinging Strike 2-2: Fly out, F4 (Line Drive, 4M)
|
Batting: RHB Félix Guillén
|
0-0: Ball 1-0: Ball 2-0: Ball 3-0: Base on Balls Sergio Gonzáles to second
|
Batting: RHB Frederick Curtis
|
0-0: Ball 1-0: Foul Ball, location: 2F 1-1: Swinging Strike 1-2: Ball 2-2: Ball 3-2: Ground out 5-3 (Groundball, 56)
|
Top of the 2nd over - 0 run(s), 0 hit(s), 0 error(s), 2 left on base; Montgomery 0 - El Paso 1 |
BOTTOM OF THE 2ND |
El Paso Texans batting - Pitching for Montgomery Grey Sox : LHP Lee González
|
Batting: LHB Enrique Cruz
|
0-0: Ball 1-0: Foul Ball, location: 2F 1-1: Ball 2-1: Ball 3-1: Base on Balls
|
Batting: RHB Marvin Johnson
|
0-0: Ball 1-0: Ball 2-0: Called Strike 2-1: Ball 3-1: Fly out, F9 (Flyball, 9S)
|
Batting: RHB José Murillo
|
0-0: Called Strike 0-1: Fielders Choice at 2nd, 6-4 (Groundball, 56)
|
Batting: LHB Roberto Félix
|
0-0: Foul Ball, location: 2F 0-1: Ball 1-1: Ball 2-1: Called Strike 2-2: Strikes out swinging
|
Bottom of the 2nd over - 0 run(s), 0 hit(s), 0 error(s), 1 left on base; Montgomery 0 - El Paso 1 |
TOP OF THE 3RD |
Montgomery Grey Sox batting - Pitching for El Paso Texans : RHP George Floyd
|
Batting: LHB Bob Jones
|
0-0: Called Strike 0-1: Ball 1-1: Fly out, F7 (Flyball, 78S)
|
Batting: RHB Dean Bailey
|
0-0: Called Strike 0-1: Ball 1-1: Foul Ball, location: 2F 1-2: Ball 2-2: Foul Ball, location: 2F 2-2: Ball 3-2: Base on Balls
|
Batting: SHB Joe Pierce
|
0-0: Ball 1-0: Ball 2-0: Called Strike 2-1: Swinging Strike 2-2: Strikes out swinging
|
Batting: SHB Hoyt Norris
|
0-0: Ball 1-0: SINGLE (Groundball, 4MD) Dean Bailey to second
|
Batting: RHB Sergio Gonzáles
|
0-0: Ball 1-0: Swinging Strike 1-1: Foul Ball, location: 2F 1-2: Foul Ball, location: 2F 1-2: Strikes out swinging
|
Top of the 3rd over - 0 run(s), 1 hit(s), 0 error(s), 2 left on base; Montgomery 0 - El Paso 1 |
BOTTOM OF THE 3RD |
El Paso Texans batting - Pitching for Montgomery Grey Sox : LHP Lee González
|
Batting: RHB Andrew O'Dell
|
0-0: Swinging Strike 0-1: SINGLE (Line Drive, 8RS)
|
Batting: SHB Rick Hinton
|
0-0: Foul Ball, location: 2F 0-1: Ball 1-1: Called Strike 1-2: Foul Ball, location: 2F 1-2: Strikes out swinging
|
Batting: RHB Wayne Carter
|
0-0: Foul Ball, location: 2F 0-1: Ball 1-1: Ball 2-1: Grounds into double play, 5-4-3 (Groundball, 5)
|
Bottom of the 3rd over - 0 run(s), 1 hit(s), 0 error(s), 0 left on base; Montgomery 0 - El Paso 1 |
TOP OF THE 4TH |
Montgomery Grey Sox batting - Pitching for El Paso Texans : RHP George Floyd
|
Batting: RHB Ben White
|
0-0: Swinging Strike 0-1: Foul Ball, location: 2F 0-2: Ball 1-2: Strikes out looking
|
Batting: RHB António Nevárez
|
0-0: Foul Ball, location: 2F 0-1: Swinging Strike 0-2: Ball 1-2: Ball 2-2: Ball 3-2: Base on Balls
|
Batting: RHB Félix Guillén
|
0-0: Hit by Pitch António Nevárez to second
|
Batting: RHB Frederick Curtis
|
0-0: Ball 1-0: Called Strike 1-1: Ball 2-1: Swinging Strike 2-2: Foul Ball, location: 2F 2-2: Foul Ball, location: 2F 2-2: Foul Ball, location: 2F 2-2: Strikes out swinging
|
Pitching: RHP Ralph Miller
|
|
Batting: LHB Bob Jones
|
0-0: Ball 1-0: Foul Ball, location: 2F 1-1: Called Strike 1-2: Foul Ball, location: 2F 1-2: Ball 2-2: SINGLE (Groundball, 4D) António Nevárez to third Félix Guillén to second Runner from 3rd tries for Home, SAFE, throw made at trailing runner, OUT at third!
|
Top of the 4th over - 1 run(s), 1 hit(s), 0 error(s), 1 left on base; Montgomery 1 - El Paso 1 |
BOTTOM OF THE 4TH |
El Paso Texans batting - Pitching for Montgomery Grey Sox : LHP Lee González
|
Batting: LHB Michael Melton
|
0-0: Fly out, F8 (Flyball, 8LS)
|
Batting: LHB Bernardo Morales
|
0-0: Ground out 4-3 (Groundball, 4S)
|
Batting: LHB Enrique Cruz
|
0-0: Called Strike 0-1: Swinging Strike 0-2: Strikes out swinging
|
Bottom of the 4th over - 0 run(s), 0 hit(s), 0 error(s), 0 left on base; Montgomery 1 - El Paso 1 |
TOP OF THE 5TH |
Montgomery Grey Sox batting - Pitching for El Paso Texans : RHP Ralph Miller
|
Batting: RHB Dean Bailey
|
0-0: Ball 1-0: Called Strike 1-1: Ground out 6-3 (Groundball, 6)
|
Batting: SHB Joe Pierce
|
0-0: Called Strike 0-1: Ball 1-1: Swinging Strike 1-2: Ball 2-2: Foul Ball, location: 2F 2-2: Ground out U3 (Groundball, 34)
|
Batting: SHB Hoyt Norris
|
0-0: Ball 1-0: Foul Ball, location: 2F 1-1: Called Strike 1-2: SOLO HOME RUN (Flyball, 89XD), Distance : 404 ft
|
Batting: RHB Sergio Gonzáles
|
0-0: Foul Ball, location: 2F 0-1: Ball 1-1: Foul Ball, location: 2F 1-2: Ball 2-2: Strikes out swinging
|
Top of the 5th over - 1 run(s), 1 hit(s), 0 error(s), 0 left on base; Montgomery 2 - El Paso 1 |
BOTTOM OF THE 5TH |
El Paso Texans batting - Pitching for Montgomery Grey Sox : LHP Lee González
|
Batting: RHB Marvin Johnson
|
0-0: Ball 1-0: Called Strike 1-1: Ball 2-1: Foul Ball, location: 2F 2-2: Ball 3-2: Base on Balls
|
Batting: RHB José Murillo
|
0-0: Ground out 5-3 (Groundball, 56S) Marvin Johnson to second
|
Batting: LHB Roberto Félix
|
0-0: Called Strike 0-1: Ball 1-1: Ball 2-1: Foul Ball, location: 2F 2-2: Ground out 4-3 (Groundball, 34) Marvin Johnson to third
|
Batting: RHB Andrew O'Dell
|
0-0: Called Strike 0-1: Swinging Strike 0-2: Foul Ball, location: 2F 0-2: Strikes out looking
|
Bottom of the 5th over - 0 run(s), 0 hit(s), 0 error(s), 1 left on base; Montgomery 2 - El Paso 1 |
TOP OF THE 6TH |
Montgomery Grey Sox batting - Pitching for El Paso Texans : RHP Ralph Miller
|
Batting: RHB Ben White
|
0-0: Ball 1-0: Foul Ball, location: 2F 1-1: Ball 2-1: Foul Ball, location: 2F 2-2: Foul Ball, location: 2F 2-2: Foul Ball, location: 2F 2-2: Foul Ball, location: 2F 2-2: Foul Ball, location: 2F 2-2: Ball 3-2: Base on Balls
|
Batting: RHB António Nevárez
|
0-0: Ball 1-0: Called Strike 1-1: Hit by Pitch Ben White to second
|
Batting: RHB Félix Guillén
|
0-0: Foul Ball, location: 2F 0-1: Swinging Strike 0-2: Ball 1-2: Hit by Pitch Ben White to third António Nevárez to second
|
Batting: RHB Frederick Curtis
|
0-0: Ball 1-0: Foul Ball, location: 2F 1-1: Called Strike 1-2: Ball 2-2: Strikes out swinging
|
Batting: LHB Bob Jones
|
0-0: Ball 1-0: Fly out, F8 (Flyball, 8RXD) Runner from 3rd tags up, SCORES, no throw
|
Batting: RHB Dean Bailey
|
0-0: Called Strike 0-1: Foul Ball, location: 2F 0-2: Fly out, F8 (Flyball, 89M)
|
Top of the 6th over - 1 run(s), 0 hit(s), 0 error(s), 2 left on base; Montgomery 3 - El Paso 1 |
BOTTOM OF THE 6TH |
El Paso Texans batting - Pitching for Montgomery Grey Sox : LHP Lee González
|
Batting: SHB Rick Hinton
|
0-0: Called Strike 0-1: Ground out 1-3 (Groundball, 15S)
|
Batting: RHB Wayne Carter
|
0-0: Ball 1-0: Called Strike 1-1: Foul Ball, location: 2F 1-2: Foul Ball, location: 2F 1-2: SOLO HOME RUN (Flyball, 78XD), Distance : 411 ft
|
Batting: LHB Michael Melton
|
0-0: Ball 1-0: Swinging Strike 1-1: Foul Ball, location: 2F 1-2: Ball 2-2: Foul Ball, location: 2F 2-2: Strikes out swinging
|
Batting: LHB Bernardo Morales
|
0-0: Ball 1-0: Ball 2-0: SOLO HOME RUN (Flyball, 9D), Distance : 408 ft
|
Batting: LHB Enrique Cruz
|
0-0: Swinging Strike 0-1: Swinging Strike 0-2: Strikes out looking
|
Bottom of the 6th over - 2 run(s), 2 hit(s), 0 error(s), 0 left on base; Montgomery 3 - El Paso 3 |
TOP OF THE 7TH |
Montgomery Grey Sox batting - Pitching for El Paso Texans : RHP Ralph Miller
|
Pitching: RHP Carlos Sánchez
|
|
Batting: SHB Joe Pierce
|
0-0: Ball Error on foul ball, E2 1-1: SINGLE (Line Drive, 34)
|
Batting: SHB Hoyt Norris
|
0-0: Called Strike 0-1: Foul Ball, location: 2F 0-2: Foul Ball, location: 2F 0-2: Ball 1-2: Foul Ball, location: 2F 1-2: Strikes out looking
|
Pinch Hitting: LHB Gilbert Stegall
|
0-0: Called Strike Joe Pierce steals 2nd base 0-1: Ball 1-1: Intentional Walk
|
Batting: RHB Ben White
|
0-0: Fly out, F2 (Popup, 25)
|
Pinch Hitting: LHB Amlak Saitoti
|
0-0: Ball 1-0: Ball 2-0: Ball 3-0: Called Strike 3-1: Foul Ball, location: 2F 3-2: Foul Ball, location: 2F 3-2: Foul Ball, location: 2F 3-2: Foul Ball, location: 2F 3-2: Foul Ball, location: 2F 3-2: Base on Balls Joe Pierce to third Gilbert Stegall to second
|
Batting: RHB Félix Guillén
|
0-0: Foul Ball, location: 2F 0-1: Fielders Choice at 2nd, 6-4 (Groundball, 6)
|
Top of the 7th over - 0 run(s), 1 hit(s), 1 error(s), 2 left on base; Montgomery 3 - El Paso 3 |
BOTTOM OF THE 7TH |
El Paso Texans batting - Pitching for Montgomery Grey Sox : LHP Lee González
|
Now at 2B: Amlak Saitoti
|
|
Now at SS: Félix Cruz
|
|
Batting: RHB Marvin Johnson
|
0-0: Called Strike 0-1: Ball 1-1: Fly out, F8 (Flyball, 8LD)
|
Pitching: LHP Raúl Coranillo
|
|
Batting: RHB José Murillo
|
0-0: Swinging Strike 0-1: SINGLE (Line Drive, 78S)
|
Pinch Hitting: RHB António Aguilar
|
0-0: Called Strike 0-1: Ball 1-1: Ball 2-1: Called Strike 2-2: Ball 3-2: Foul Ball, location: 2F 3-2: Strikes out swinging
|
Batting: RHB Andrew O'Dell
|
0-0: Ball 1-0: Fielders Choice at 2nd, 4-6 (Groundball, 4)
|
Bottom of the 7th over - 0 run(s), 1 hit(s), 0 error(s), 0 left on base; Montgomery 3 - El Paso 3 |
TOP OF THE 8TH |
Montgomery Grey Sox batting - Pitching for El Paso Texans : RHP Carlos Sánchez
|
Now in CF: António Aguilar
|
|
Pinch Hitting: RHB Bryant von Bohlen
|
0-0: Ball 1-0: Foul Ball, location: 2F 1-1: Foul Ball, location: 2F 1-2: Ball 2-2: SINGLE (Groundball, 34D)
|
Pinch Runner at 1st Martín Palaeios:
|
|
Batting: LHB Bob Jones
|
0-0: Ball 1-0: Called Strike 1-1: Ball 2-1: Fly out, F4 (Line Drive, 4)
|
Batting: RHB Dean Bailey
|
0-0: Called Strike Martín Palaeios is caught stealing 2nd base 0-1: Foul Ball, location: 2F 0-2: Ground out 6-3 (Groundball, 6)
|
Top of the 8th over - 0 run(s), 1 hit(s), 0 error(s), 0 left on base; Montgomery 3 - El Paso 3 |
BOTTOM OF THE 8TH |
El Paso Texans batting - Pitching for Montgomery Grey Sox : LHP Raúl Coranillo
|
Now in LF: Martín Palaeios
|
|
Pinch Hitting: RHB John Wilson
|
0-0: Ball 1-0: Swinging Strike 1-1: Ball 2-1: Ball 3-1: Foul Ball, location: 2F 3-2: Base on Balls
|
Pinch Hitting: RHB Cole Boehmer
|
0-0: Called Strike 0-1: Swinging Strike 0-2: Ball 1-2: Foul Ball, location: 2F 1-2: Foul Ball, location: 2F 1-2: Strikes out swinging
|
Pinch Hitting: RHB Javier Álvarez
|
0-0: Called Strike 0-1: Called Strike 0-2: DOUBLE (Flyball, 78M) John Wilson to third
|
Pinch Hitting: SHB Oliver Riley
|
0-0: Fly out, F8 (Flyball, 8LM) Runner from 3rd tags up, SCORES, throw made
|
Batting: LHB Enrique Cruz
|
0-0: Ball 1-0: Ball 2-0: Ball 3-0: Called Strike 3-1: Base on Balls
|
Batting: RHB Marvin Johnson
|
0-0: Foul Ball, location: 2F 0-1: Fly out, F8 (Flyball, 8LD)
|
Bottom of the 8th over - 1 run(s), 1 hit(s), 0 error(s), 2 left on base; Montgomery 3 - El Paso 4 |
TOP OF THE 9TH |
Montgomery Grey Sox batting - Pitching for El Paso Texans : RHP Carlos Sánchez
|
Pitching: LHP Don MacKinlay
|
|
Now at 1B: Oliver Riley
|
|
Now at 3B: John Wilson
|
|
Now at SS: Domingo Morales
|
|
Now in LF: Cole Boehmer
|
|
Batting: SHB Joe Pierce
|
0-0: Ball 1-0: Ground out 1-3 (Groundball, 13)
|
Batting: SHB Hoyt Norris
|
0-0: Ball 1-0: Ball 2-0: DOUBLE (Line Drive, 8LD)
|
Batting: RHB Félix Cruz
|
0-0: Ball 1-0: Fly out, F9 (Flyball, 9S)
|
Pinch Hitting: RHB Luis Pineda
|
0-0: Hit by Pitch
|
Batting: LHB Amlak Saitoti
|
0-0: Swinging Strike 0-1: Called Strike 0-2: Ball 1-2: Foul Ball, location: 2F 1-2: Ball 2-2: Foul Ball, location: 2F 2-2: Ball 3-2: Strikes out looking
|
Top of the 9th over - 0 run(s), 1 hit(s), 0 error(s), 2 left on base; Montgomery 3 - El Paso 4 |
|